 Dungeon Crawl Stone Soup version 0.21.1-1-g345015f (webtiles) character file.

112 tidbits the Grave Robber (level 4, 9/32 HPs)
             Began as a Gnoll Necromancer on June 13, 2018.
             Quit the game on level 4 of the Dungeon.
             The game lasted 00:03:31 (319 turns).

tidbits the Grave Robber (Gnoll Necromancer)         Turns: 319, Time: 00:03:32

Health: 9/32       AC:  2    Str: 10    XL:     4   Next: 93%
Magic:  6/11       EV: 15    Int: 18    God:
Gold:   73         SH:  0    Dex: 16    Spells: 5/13 levels left

rFire    . . .     SeeInvis .   m - -2 spear (curse)
rCold    . . .     Gourm    .   (no shield)
rNeg     . . .     Faith    .   a - +0 robe
rPois    .         Spirit   .   (no helmet)
rElec    .         Reflect  .   (no cloak)
rCorr    .         Harm     .   (no gloves)
MR       .....                  (no boots)
Stlth    +++.......             (no amulet)
HPRegen  0.10/turn              k - ring of flight
MPRegen  0.12/turn              (no ring)

@: about to teleport
A: distributed training, fangs 1, strong nose
a: Evoke Flight


You were on level 4 of the Dungeon.
You were not hungry.

You visited 1 branch of the dungeon, and saw 5 of its levels.

You collected 73 gold pieces.

Inventory:

Hand Weapons
 j - a +0 dagger
 m - a cursed -2 spear (weapon)
Missiles
 d - 19 stones (quivered)
Armour
 a - a +0 robe (worn)
Jewellery
 k - a ring of flight (left hand)
   (You found it on level 4 of the Dungeon)
Wands
 g - a wand of random effects (22)
Scrolls
 n - a scroll of blinking
Potions
 e - a potion of degeneration {unknown}
 f - a potion of might {unknown}
 i - a potion of berserk rage {unknown}
Books
 b - a book of Necromancy

   Spells                             Type                      Level
   a - Pain                           Necromancy                   1
   b - Animate Skeleton               Necromancy                   1
   c - Vampiric Draining              Necromancy                   3
   d - Regeneration                   Charms/Necromancy            3
   e - Animate Dead                   Necromancy                   4
   f - Borgnjor's Vile Clutch         Necromancy/Earth             5
Comestibles
 c - a ration


   Skills:
 + Level 1.2 Fighting
 + Level 1.2 Short Blades
 + Level 1.2 Long Blades
 + Level 1.2 Axes
 + Level 1.2 Maces & Flails
 + Level 1.2 Polearms
 + Level 1.2 Staves
 + Level 1.2 Slings
 + Level 1.2 Bows
 + Level 1.2 Crossbows
 + Level 1.2 Throwing
 + Level 1.2 Armour
 + Level 4.7 Dodging
 + Level 4.3 Stealth
 + Level 1.2 Shields
 + Level 1.2 Unarmed Combat
 + Level 5.1 Spellcasting
 + Level 1.0 Conjurations
 + Level 1.0 Hexes
 + Level 1.0 Charms
 + Level 1.0 Summonings
 + Level 7.1 Necromancy
 + Level 1.0 Translocations
 + Level 1.0 Transmutations
 + Level 1.0 Fire Magic
 + Level 1.0 Ice Magic
 + Level 1.0 Air Magic
 + Level 1.0 Earth Magic
 + Level 1.0 Poison Magic
 + Level 1.4 Invocations
 + Level 1.2 Evocations


You had 5 spell levels left.
You knew the following spells:

 Your Spells              Type           Power        Failure   Level  Hunger
a - Pain                  Necr           ####         1%          1    None
d - Vampiric Draining     Necr           ####......   1%          3    ##.....
n - Animate Skeleton      Necr           N/A          1%          1    None
r - Regeneration          Chrm/Necr      ###.......   7%          3    ##.....


Dungeon Overview and Level Annotations

Branches:
Dungeon (5/15)
 Temple: D:4-7

Altars:
Gozag

Annotations:
D:3 Grinder


Innate Abilities, Weirdness & Mutations

Your experience applies equally to all skills.
You have very sharp teeth.
Your uncanny sense of smell can sniff out nearby items.


Message History

The hound writhes in agony!
You hear an angry hiss.
Casting: Pain
Confirm with . or Enter, or press ? or * to list all spells.
Aiming: Pain
Press: ? - help, Shift-Dir - straight line, f/p - hound
Aim: a hound (heavily wounded, chance to defeat MR: 89%)
The hound writhes in agony!
Casting: Pain
Confirm with . or Enter, or press ? or * to list all spells.
Aiming: Pain
Press: ? - help, Shift-Dir - straight line, f/p - hound
Aim: a hound (severely wounded, chance to defeat MR: 89%)
The hound writhes in agony!
You kill the hound!
You have reached level 4!
You feel agile.
Found a scroll labeled ERAOXK PASU.
An adder comes into view.
You see here a scroll labeled ERAOXK PASU.
n - a scroll labeled ERAOXK PASU
Okay, then.
An iguana comes into view.
The iguana hisses angrily.
Found a hand axe.
A howler monkey skeleton comes into view.
Casting: Pain
Confirm with . or Enter, or press ? or * to list all spells.
Aiming: Pain
Press: ? - help, Shift-Dir - straight line, f - iguana
Aim: an iguana (chance to defeat MR: 89%)
The iguana writhes in agony!
Casting: Pain
Confirm with . or Enter, or press ? or * to list all spells.
Aiming: Pain
Press: ? - help, Shift-Dir - straight line, f/p - iguana
Aim: an iguana (lightly wounded, chance to defeat MR: 89%)
The iguana writhes in agony!
A leopard gecko comes into view.
The leopard gecko hisses angrily.
Casting: Pain
Confirm with . or Enter, or press ? or * to list all spells.
Aiming: Pain
Press: ? - help, Shift-Dir - straight line, f/p - iguana
Aim: an iguana (moderately wounded, chance to defeat MR: 89%)
The iguana writhes in agony!
Casting: Pain
Confirm with . or Enter, or press ? or * to list all spells.
Aiming: Pain
Press: ? - help, Shift-Dir - straight line, f/p - iguana
Aim: an iguana (heavily wounded, chance to defeat MR: 89%)
The iguana writhes in agony!
You kill the iguana!
Your Conjurations skill increases to level 1!
Your Hexes skill increases to level 1!
Your Charms skill increases to level 1!
Your Summonings skill increases to level 1!
Your Translocations skill increases to level 1!
Your Transmutations skill increases to level 1!
Your Fire Magic skill increases to level 1!
Your Ice Magic skill increases to level 1!
Your Air Magic skill increases to level 1!
Your Earth Magic skill increases to level 1!
Your Poison Magic skill increases to level 1!
Unknown command.
Wield which item (- for none, * to show all)? (? for menu, Esc to quit)
It sticks to your hand!
m - a cursed -2 spear (weapon)
Attack whom?
Press: ? - help, Dir - move target cursor, f - howler monkey skeleton
Aim: a howler monkey skeleton You hit the howler monkey skeleton.
The howler monkey skeleton is lightly damaged.
The howler monkey skeleton hits you.
* * * LOW HITPOINT WARNING * * *
You hit the howler monkey skeleton but do no damage.
The howler monkey skeleton is lightly damaged.
The howler monkey skeleton completely misses you.
You hit the howler monkey skeleton but do no damage.
You bite the howler monkey skeleton.
The howler monkey skeleton is lightly damaged.
The howler monkey skeleton barely misses you.
You hit the howler monkey skeleton but do no damage.
The howler monkey skeleton is lightly damaged.
The howler monkey skeleton closely misses you.
There is a stone staircase leading up here.
The howler monkey skeleton hits you.
* * * LOW HITPOINT WARNING * * *
You climb upwards.
There is a stone staircase leading down here.
Unknown command.
You see here 7 gold pieces.
You now have 73 gold pieces (gained 7).
You can't unwield your weapon to draw a new one!
Unknown command.
As you read the scroll labeled ZAIHAZ KEAC, it crumbles to dust.
You feel strangely unstable.
It was a scroll of teleportation.
As you read the scroll labeled UQAGAO PESAETT, it crumbles to dust.
It is a scroll of identify.
n - a scroll of blinking Are you sure you want to abandon this character and quit the game? (Confirm with "yes".)

......#.............
.....##..............
......#.............. ... ...
#................ .... ..
##............... ... .
##..<........$.. ..
##.............. .##
#####............... #.#
##.>..@.............[
#.######..##..............$.
##.........###...............
###..####....##................
.....# ##.....................
###..# ##....................
#..# ##......#.............
#..# ##......####..........#
#..####..##..## ##...####.#


There were no monsters in sight!

Vanquished Creatures
  2 hounds
  An iguana (D:5)
  An adder (D:4)
  A worm (D:1)
  A dart slug (D:3)
  2 bats
  A giant cockroach (D:3)
  A jackal (D:4)
  A kobold (D:3)
  A frilled lizard (D:1)
  2 rats
14 creatures vanquished.

Notes
Turn   | Place    | Note
-------+----------+-------------------------------------------
     0 | D:1      | tidbits the Gnoll Necromancer began the quest for the Orb.
     0 | D:1      | Reached XP level 1. HP: 13/13 MP: 6/6
    71 | D:2      | Reached XP level 2. HP: 11/19 MP: 3/7
    74 | D:2      | Learned a level 1 spell: Animate Skeleton
   122 | D:3      | Noticed Grinder
   163 | D:3      | Reached skill level 5 in Spellcasting
   163 | D:3      | Reached skill level 1 in Invocations
   163 | D:3      | Reached XP level 3. HP: 15/25 MP: 4/9
   167 | D:4      | Noticed an ogre
   176 | D:4      | Learned a level 3 spell: Vampiric Draining
   180 | D:4      | Learned a level 3 spell: Regeneration
   215 | D:3      | Reached skill level 1 in Fighting
   215 | D:3      | Reached skill level 1 in Short Blades
   215 | D:3      | Reached skill level 1 in Long Blades
   215 | D:3      | Reached skill level 1 in Axes
   215 | D:3      | Reached skill level 1 in Maces & Flails
   215 | D:3      | Reached skill level 1 in Polearms
   215 | D:3      | Reached skill level 1 in Staves
   215 | D:3      | Reached skill level 1 in Slings
   215 | D:3      | Reached skill level 1 in Bows
   215 | D:3      | Reached skill level 1 in Crossbows
   215 | D:3      | Reached skill level 1 in Throwing
   215 | D:3      | Reached skill level 1 in Armour
   215 | D:3      | Reached skill level 1 in Shields
   215 | D:3      | Reached skill level 1 in Unarmed Combat
   215 | D:3      | Reached skill level 1 in Evocations
   267 | D:5      | Entered Level 5 of the Dungeon
   267 | D:5      | Found an opulent altar of Gozag.
   270 | D:5      | Reached XP level 4. HP: 15/32 MP: 4/11
   294 | D:5      | Reached skill level 1 in Conjurations
   294 | D:5      | Reached skill level 1 in Hexes
   294 | D:5      | Reached skill level 1 in Charms
   294 | D:5      | Reached skill level 1 in Summonings
   294 | D:5      | Reached skill level 1 in Translocations
   294 | D:5      | Reached skill level 1 in Transmutations
   294 | D:5      | Reached skill level 1 in Fire Magic
   294 | D:5      | Reached skill level 1 in Ice Magic
   294 | D:5      | Reached skill level 1 in Air Magic
   294 | D:5      | Reached skill level 1 in Earth Magic
   294 | D:5      | Reached skill level 1 in Poison Magic
   319 | D:4      | Quit the game

Skill      XL: |  1  2  3  4 |
---------------+-------------+-----
Spellcasting   | 5 |  5.1
Invocations    | 1 |  1.4
Fighting       | 1 |  1.2
Short Blades   | 1 |  1.2
Long Blades    | 1 |  1.2
Axes           | 1 |  1.2
Maces & Flails | 1 |  1.2
Polearms       | 1 |  1.2
Staves         | 1 |  1.2
Slings         | 1 |  1.2
Bows           | 1 |  1.2
Crossbows      | 1 |  1.2
Throwing       | 1 |  1.2
Armour         | 1 |  1.2
Shields        | 1 |  1.2
Unarmed Combat | 1 |  1.2
Evocations     | 1 |  1.2
Conjurations   | 1 |  1.0
Hexes          | 1 |  1.0
Charms         | 1 |  1.0
Summonings     | 1 |  1.0
Translocations | 1 |  1.0
Transmutations | 1 |  1.0
Fire Magic     | 1 |  1.0
Ice Magic      | 1 |  1.0
Air Magic      | 1 |  1.0
Earth Magic    | 1 |  1.0
Poison Magic   | 1 |  1.0
Dodging        | |  4.7
Stealth        | |  4.3
Necromancy     | |  7.1

Action                   |  1- 3 |  4- 6 || total
-------------------------+-------+-------++-------
Melee: Unarmed           |     1 |       ||     1
       Bite              |     1 |     1 ||     2
       Dagger            |     1 |       ||     1
       Spear             |       |     4 ||     4
 Cast: Pain              |    21 |     5 ||    26
       Regeneration      |     1 |       ||     1
Evoke: Wand              |    12 |       ||    12
  Use: Scroll            |       |     2 ||     2
Dodge: Dodged            |     4 |     3 ||     7

Table legend:
 A = Turns spent in this place as a percentage of turns spent in the entire game.
 B = Non-inter-level travel turns spent in this place as a percentage of non-inter-level travel turns spent in the entire game.
 C = Inter-level travel turns spent in this place as a percentage of turns spent in this place.
 D = Turns resting spent in this place as a percentage of non-inter-level travel turns spent in this place.
 E = Turns spent auto-exploring this place as a percentage of non-inter-level travel turns spent in this place.
 F = Non-inter-level travel turns spent in this place divided by the number of levels of this place that you've seen.
                   A       B       C       D       E      F
               +-------+-------+-------+-------+-------+----------------------
         Total | 100.0 | 100.0 |   0.0 |   0.0 |   0.0 |  63.8
       Dungeon | 100.0 | 100.0 |   0.0 |   0.0 |   0.0 |  63.8
               +-------+-------+-------+-------+-------+----------------------

Table legend:
 A = Kills in this place as a percentage of kills in entire the game.
 B = Kills by you in this place as a percentage of kills by you in the entire game.
 C = Kills by friends in this place as a percentage of kills by friends in the entire game.
 D = Other kills in this place as a percentage of other kills in the entire game.
 E = Experience gained in this place as a percentage of experience gained in the entire game.
 F = Experience gained in this place divided by the number of levels of this place that you have seen.
                   A       B       C       D       E      F
               +-------+-------+-------+-------+-------+----------------------
         Total | 100.0 | 100.0 |   N/A |   N/A | 100.0 |  32.0
       Dungeon | 100.0 | 100.0 |   N/A |   N/A | 100.0 |  32.0
               +-------+-------+-------+-------+-------+----------------------

Vault maps used:
D:1:      evilmike_arrival_run_for_it
D:3:      first_ration, uniq_ijyb, uniq_grinder
D:5:      serial_shops, nicolae_shop_temple_entry_statues_fountains,
          basic_altar, nicolae_gozag_seed_capital
